 Dungeon Crawl Stone Soup version 0.14-a0-1969-g2c76abe (webtiles) character file.

135 Piginabag the Insei (level 3, 0/23 HPs)
             Began as an Octopode Transmuter on Jan 16, 2014.
             Succumbed to miscasting Spider Form's residual poison
             ... on Level 2 of the Dungeon.
             The game lasted 00:03:11 (1182 turns).

Piginabag the Insei (Octopode Transmuter)           Turns: 1182, Time: 00:03:11

HP   0/23        AC  1     Str  9      XL: 3   Next: 87%
MP   5/6         EV 12     Int 15      God:
Gold 82          SH  0     Dex 10 (13) Spells:  2 memorised,  2 levels left

rFire  . . .     SeeInvis .       - Unarmed
rCold  . . .     Clarity  .     (no shield)
rNeg   . . .     Conserve .     (helmet restricted)
rPois  .         rCorr    .     (no amulet)
rElec  .         rRot     .     (no ring)
SustAb . .       Spirit   .     (no ring)
rMut   .         Warding  .     (no ring)
Saprov . . .     Stasis   .     (no ring)
MR     .....                    (no ring)
                                (no ring)
                                (no ring)
                                (no ring)

@: mildly poisoned, not resistant to hostile enchantments, fairly stealthy
A: almost no armour, amphibious, 8 rings, constrict 8, camouflage 1, gelatinous
body 1, evolution 1
a: no special abilities


You were on level 2 of the Dungeon.
You were hungry.

You visited 1 branch of the dungeon, and saw 2 of its levels.

You collected 82 gold pieces.

Inventory:

Missiles
 b - 12 arrows
Comestibles
 a - 2 bread rations
 i - a pear
Scrolls
 c - a scroll of teleportation {unknown}
 h - a scroll of blinking {unknown}
 j - 2 scrolls of random uselessness {unknown}
 k - 2 scrolls of identify {unknown}
 l - a scroll of enchant weapon II {unknown}
 m - a scroll of enchant armour {unknown}
 n - a scroll of noise {unknown}
Potions
 e - a potion of cure mutation
Books
 d - a book of Changes

   Spells                             Type                      Level
   *Beastly Appendage                 Transmutation                1
   Sticks to Snakes                   Transmutation                2
   *Spider Form                       Transmutation/Poison         3
   Ice Form                           Ice/Transmutation            4
   Blade Hands                        Transmutation                5


   Skills:
 + Level 1.3 Fighting
 + Level 2.5 Dodging
 + Level 1.1 Stealth
 + Level 3.6 Unarmed Combat
 + Level 2.3 Spellcasting
 + Level 2.2 Transmutations


You had 2 spell levels left.
You knew the following spells:

 Your Spells              Type           Power        Failure   Level  Hunger
a - Beastly Appendage     Trmt           #.....       12%         1    #......
b - Spider Form           Trmt/Pois      #.........   43%         3    ####...


Dungeon Overview and Level Annotations

Branches:
Dungeon (2/16)

Altars:


Innate Abilities, Weirdness & Mutations

You cannot wear most types of armour.
You are amphibious.
You can wear up to eight rings at the same time.*
You can use your tentacles to constrict many enemies at once.*
Your skin changes colour to match your surroundings (Stlth).*
Your rubbery body absorbs attacks (AC +1).*
You evolve.


Message History

It was a potion of degeneration.
You start resting.
* * * LOW HITPOINT WARNING * * *
You feel sick.
You start resting.
* * * LOW HITPOINT WARNING * * *
You feel sick.
You start resting.
Your magical contamination has completely faded away.
You start resting.
* * * LOW HITPOINT WARNING * * *
You feel sick.
You start resting.
* * * LOW HITPOINT WARNING * * *
You feel sick.
You start resting.
* * * LOW HITPOINT WARNING * * *
You feel sick.
You start resting.
You die...

#...#### #...#
#.#.# ###.#.#
.#######...#.#
.............#
#...###...###
#.#....####.#
.........@..#
#......######
...$# .##


There were no monsters in sight!

Vanquished Creatures
  2 adders (D:2)
  4 bats
  3 giant cockroaches
  2 goblins
  6 hobgoblins (D:1)
  4 jackals (D:2)
  2 giant newts
  4 kobolds (D:1)
  5 rats
32 creatures vanquished.

Notes
Turn   | Place    | Note
--------------------------------------------------------------
     0 | D:1      | Piginabag, the Octopode Transmuter, began the quest for the Orb.
     0 | D:1      | Reached XP level 1. HP: 13/13 MP: 3/3
   125 | D:1      | Reached XP level 2. HP: 15/18 MP: 4/4
   507 | D:2      | Reached XP level 3. HP: 12/23 MP: 4/6
   856 | D:2      | Learned a level 3 spell: Spider Form
  1131 | D:2      | Reached skill level 1 in Stealth
  1154 | D:2      | Gained mutation: You evolve. [potion of beneficial mutation]
  1170 | D:2      | HP: 1/23 [poisoned by miscasting Spider Form (residual poison)]
  1181 | D:2      | HP: 1/23 [poisoned by miscasting Spider Form (residual poison)]
  1182 | D:2      | Succumbed to miscasting Spider Form's residual poison

Action                   || total
-------------------------++-------
Melee: Unarmed           ||    92
 Cast: Beastly Appendage ||     9
       Spider Form       ||     3
  Use: Potion            ||     3
